 Dungeon Crawl Stone Soup version 0.29.1-15-g9cfb28693d (webtiles) character file.

Game seed: 2031211929084500355

56 Heoruswealwe the Magician (level 3, -2/19 HPs)
             Began as a Deep Elf Earth Elementalist on Mar 24, 2023.
             Killed by nerve-wracking pain
             ... invoked by Jessica
              (8 damage)
             ... on level 3 of the Dungeon.
             The game lasted 00:18:10 (1830 turns).

Heoruswealwe the Magician (DEEE)                    Turns: 1830, Time: 00:18:11

Health: -2/19      AC:  2    Str:  5    XL:     3   Next: 71%
Magic:  0/10       EV: 12    Int: 21    God:
Gold:   60         SH:  0    Dex: 15    Spells: 4/10 levels left

rFire   . . .      SeeInvis .   f - staff of air
rCold   . . .      Faith    .   (no shield)
rNeg    . . .      Spirit   .   n - +0 robe
rPois   .          Reflect  .   (no helmet)
rElec   +          Harm     .   (no cloak)
rCorr   .          Rampage  .   (no gloves)
Will    .....                   (no boots)
Stlth   ++........              (no amulet)
HPRegen 0.06/turn               (no ring)
MPRegen 0.12/turn               (no ring)

@: no status effects
A: no striking features
a: no special abilities


You were on level 3 of the Dungeon.
You visited 1 branch of the dungeon, and saw 3 of its levels.

You collected 60 gold pieces.

Inventory:

Hand Weapons
 b - the +5 hand axe of Mastery {venom, rElec Str+2 Int-3}
   (You found it on level 2 of the Dungeon)

   It poisons the flesh of those it strikes.
   Str:       It affects your strength (+2).
   Int:       It affects your intelligence (-3).
   rElec:     It insulates you from electricity.
Armour
 a - a +0 robe
 h - a +0 robe
 n - a +0 robe (worn)
Magical Staves
 f - a staff of air (weapon)
 m - a staff of cold
Scrolls
 c - 2 scrolls of vulnerability {unknown}
 g - a scroll of noise {unknown}
 i - a scroll of torment {unknown}
 k - a scroll of silence {unknown}
Potions
 d - 2 potions of flight {unknown}
 e - a potion of heal wounds {unknown}
 j - a potion of magic
 l - 2 potions of curing {unknown}


   Skills:
 - Level 2.4 Dodging
 - Level 2.4 Stealth
 * Level 4.2 Spellcasting
 + Level 2.0 Transmutations
 * Level 4.1 Earth Magic


You had 4 spell levels left.
You knew the following spells:

 Your Spells              Type           Power      Damage    Failure   Level
a - Sandblast             Erth           44%        2d11      2%          1
b - Stone Arrow           Conj/Erth      26%        3d8       16%         3
z - Passwall              Tmut/Erth      14%        N/A       4%          2

Your spell library contained the following spells:

 Spells                   Type           Power      Damage    Failure   Level
 Beastly Appendage        Tmut           24%        N/A       4%          1
 Wereblood                Tmut           12%        N/A       8%          2
 Spider Form              Tmut/Pois      8%         N/A       24%         3
 Petrify                  Tmut/Erth      17%        N/A       32%         4
 Freezing Cloud           Conj/Ice/Air   3%         6-21      97%         5
 Simulacrum               Ice/Necr       2%         N/A       100%        6
 Polar Vortex             Ice            2%         N/A       100%        9


Dungeon Overview and Level Annotations

Branches:
Dungeon (3/15)

Altars:

Annotations:
D:3 Jessica


Message History

The blast of sand hits the adder skeleton!
The adder skeleton is almost destroyed.
The adder hisses angrily.
The adder skeleton bites you but does no damage.
The hobgoblin closely misses you. x2
The blast of sand misses the kobold.
The blast of sand hits the adder skeleton!
You destroy the adder skeleton!
The kobold hits you with a +0 whip. The hobgoblin hits you.
Your Transmutations skill increases to level 2!
You are too injured to fight recklessly!
Casting: Sandblast (safe; 2% risk of failure)
Confirm with . or Enter, or press ? or * to list all spells.
Aiming: Sandblast (safe; 2% risk of failure)
Press: ? - help, Shift-Dir - straight line, f/p - kobold
Aim: a kobold, wielding a +0 whip (79% to hit)
The blast of sand hits the kobold!
You kill the kobold!
The hobgoblin closely misses you. The adder barely misses you.
The hobgoblin barely misses you.
Casting: Sandblast (safe; 2% risk of failure)
Confirm with . or Enter, or press ? or * to list all spells.
Aiming: Sandblast (safe; 2% risk of failure)
Press: ? - help, Shift-Dir - straight line, f - hobgoblin
Aim: a hobgoblin (83% to hit)
The blast of sand hits the hobgoblin.
The hobgoblin is almost dead.
The adder barely misses you. The hobgoblin hits you.
Jessica shouts, "I don't like beings like you!"
Casting: Sandblast (safe; 2% risk of failure)
Confirm with . or Enter, or press ? or * to list all spells.
Aiming: Sandblast (safe; 2% risk of failure)
Press: ? - help, Shift-Dir - straight line, f/p - hobgoblin
Aim: a hobgoblin (almost dead, 83% to hit)
The blast of sand hits the hobgoblin!
You kill the hobgoblin!
The adder misses you. Jessica gestures at you while chanting.
Pain shoots through your body!
You die...

................
...@...........#
.Z.......<....
.............
#........).#
#g.........# #
#Z..........
...##Z###g....~....
.....gS@.@....~~.~.
~...#Z#####.....~~~
~ .. ..##.~~~≈ ~~.
### ..~≈≈ ~~~ .~≈≈
~~ ~≈~ ~ ≈≈~


You could see an adder, Jessica, a quokka zombie, 2 goblins and a hound
skeleton.

Vanquished Creatures
  2 adders (D:3)
  An adder skeleton (D:3)
  2 dart slugs (D:2)
  6 ball pythons
  A bat (D:2)
  4 endoplasms
  A goblin (D:2)
  5 hobgoblins
  A quokka (D:1)
  A frilled lizard (D:1)
  4 kobolds
  3 rats
31 creatures vanquished.

Notes
Turn   | Place    | Note
-------+----------+-------------------------------------------
     0 | D:1      | Heoruswealwe the Deep Elf Earth Elementalist began the
                  | quest for the Orb.
     0 | D:1      | Reached XP level 1. HP: 10/10 MP: 6/6
   549 | D:1      | Reached XP level 2. HP: 15/15 MP: 5/8
   552 | D:1      | Learned a level 2 spell: Passwall
  1057 | D:2      | Identified the +5 hand axe of Mastery {venom, rElec Str+2
                  | Int-3}
  1520 | D:2      | Reached XP level 3. HP: 12/19 MP: 6/10
  1753 | D:1      | Learned a level 3 spell: Stone Arrow
  1815 | D:3      | Noticed Jessica
  1830 | D:3      | Killed from afar by Jessica

Illustrated notes

Levels and vault maps discovered:
D:1:      dreamdust_arrival_beginning_and_end, layout_basic
D:2:      layout_basic
D:3:      layout_rooms, serial_undead, serial_undead_c, serial_undead_a,
          serial_undead_d, serial_undead_f, serial_shops, nicolae_shop_stone,
          chequers_ecumenical_altar_island, kennysheep_generic_room_6,
          uniq_grinder, uniq_jessica, uniq_natasha

Skill      XL: |  1  2  3 |
---------------+----------+-----
Spellcasting   | 4 |  4.2
Earth Magic    | 4 |  4.1
Transmutations | 2 |  2.0
Dodging        | |  2.4
Stealth        | |  2.4

Action                   || total
-------------------------++-------
 Cast: Sandblast         ||    48
       Passwall          ||     4
Armor: Robe              ||     4
Dodge: Dodged            ||    16
